 Dungeon Crawl Stone Soup version 0.29-a0-22-gbf593b16ee (webtiles) character file.

Game seed: 10276687663831864415

816 issech the Cudgeller (level 7, -2/68 HPs)
             Began as a Troll Monk on Jan 29, 2022.
             Slain by Duvessa (11 damage)
             ... on level 5 of the Dungeon.
             The game lasted 00:17:02 (4119 turns).

issech the Cudgeller (Troll Monk)                   Turns: 4119, Time: 00:17:02

Health: -2/68      AC:  5    Str: 20    XL:     7   Next: 62%
Magic:  6/6        EV:  8    Int:  6    God:
Gold:   226        SH: 12    Dex: 17    Spells: 6/6 levels left

rFire   . . .      SeeInvis +   p - +11 trident of Regicide {holy, *Noise rN+ Dex+3 Stlth+}
rCold   . . .      Faith    .   w - +0 tower shield
rNeg    + . .      Spirit   .   b - +0 robe
rPois   .          Reflect  .   (helmet restricted)
rElec   .          Harm     .   D - +0 cloak
rCorr   .          Rampage  .   (gloves unavailable)
Will    .....                   (boots unavailable)
Stlth   +++.......              (no amulet)
HPRegen 1.01/turn               j - ring of see invisible
MPRegen 0.10/turn               (no ring)

@: no status effects
A: large, unfitting armour, claws 3, regeneration 1, shaggy fur 1, tough skin 1
a: no special abilities


You were on level 5 of the Dungeon.
You visited 2 branches of the dungeon, and saw 6 of its levels.

You collected 226 gold pieces.

Inventory:

Hand Weapons
 a - a +0 mace
 e - a +0 short sword of draining
 p - the +11 trident of Regicide (weapon) {holy, *Noise rN+ Dex+3 Stlth+}
   (You found it on level 2 of the Dungeon)

   It has been blessed by the Shining One to cause great damage to the undead
   and demons.
   Dex:       It affects your dexterity (+3).
   rN:        It protects you from negative energy.
   *Noise:    It may make noises in combat.
   Stlth:     It makes you more stealthy.
 t - a +1 whip of venom
 u - a +0 whip of electrocution
 z - a +2 flail of protection
 F - a +0 shortbow
Missiles
 g - 108 stones
 k - 111 arrows
 m - 8 poisoned darts
 v - 3 throwing nets
 y - 52 bolts
 E - 4 large rocks (quivered)
Armour
 b - a +0 robe (worn)
 w - a +0 tower shield (worn)
 D - a +0 cloak (worn)
Magical Staves
 J - a staff of conjuration
Jewellery
 j - a ring of see invisible (left claw)
Wands
 H - a wand of mindburst (17)
 I - a wand of iceblast (6)
Scrolls
 l - a scroll of amnesia {unknown}
 n - a scroll of brand weapon {unknown}
 o - a scroll of teleportation
 q - a scroll of magic mapping {unknown}
 s - a scroll of immolation {unknown}
 x - a scroll of noise {unknown}
 B - a scroll of enchant weapon {unknown}
 C - 3 scrolls of identify {unknown}
 G - a scroll of fear {unknown}
Potions
 c - a potion of magic {unknown}
 d - a potion of curing {unknown}
 f - 2 potions of haste {unknown}
 h - 4 potions of heal wounds {unknown}
 i - 2 potions of cancellation {unknown}
 r - a potion of flight {unknown}
 A - a potion of might {unknown}


   Skills:
 + Level 3.9 Fighting
 + Level 3.9 Maces & Flails
 + Level 3.7 Polearms
 + Level 0.1 Throwing
 + Level 3.5 Dodging
 + Level 2.1 Stealth
 + Level 1.7 Shields


You had 6 spell levels left.
You didn't know any spells.
Your spell library contained the following spells:

 Spells                   Type           Power      Damage    Failure   Level
 Foxfire                  Conj/Fire      0%         2x1d4     99%         1
 Static Discharge         Conj/Air       0%         N/A       99%         2
 Conjure Flame            Conj/Fire      0%         6-21      100%        3
 Inner Flame              Hex/Fire       0%         N/A       100%        3
 Dispel Undead            Necr           0%         3d6       100%        4
 Flame Wave               Conj/Fire      0%         2d4       100%        4
 Sticky Flame             Conj/Fire      0%         2d3       100%        4


Dungeon Overview and Level Annotations

Branches:
Dungeon (5/15)             Temple (1/1) D:4

Altars:
Cheibriados
Dithmenos
Elyvilon
Fedhas
Gozag
Kikubaaqudgha
Makhleb
Nemelex Xobeh
Okawaru
Qazlal
Ru
Sif Muna
Trog
Uskayaw
Vehumet
Wu Jian
Zin
The Shining One

Annotations:
D:5 Duvessa


Innate Abilities, Weirdness & Mutations

You are too large for most types of armour.
You have claws for hands.
Your natural rate of healing is unusually fast.
You are covered in fur. (AC +1)
You have tough skin. (AC +1)


Message History

Dowan blinks!
You hit Dowan.
Dowan is moderately wounded.
Dowan hits you but does no damage.
You miss Dowan.
Dowan is moderately wounded.
Dowan gestures at you while chanting. The puff of flame misses you.
Duvessa barely misses you. Dowan hits you with a +0 dagger.
You impale Dowan!!
You kill Dowan!
Duvessa weeps, and shakes her weapon.
Duvessa goes berserk!
Duvessa closely misses you. You block Duvessa's attack.
You puncture Duvessa!
Duvessa is lightly wounded.
Duvessa hits you with a +0 rapier! You block Duvessa's attack.
You hit Duvessa.
Duvessa is lightly wounded.
You block Duvessa's attack. Duvessa hits you with a +0 rapier! x2
You hit Duvessa.
Duvessa is moderately wounded.
You block Duvessa's attack. x2
You hit Duvessa.
Duvessa is moderately wounded.
You block Duvessa's attack. Duvessa hits you with a +0 rapier.
You hit Duvessa.
Duvessa is moderately wounded.
Duvessa hits you with a +0 rapier! You block Duvessa's attack.
You block Duvessa's attack.
You puncture Duvessa!
Duvessa is heavily wounded.
You block Duvessa's attack. Duvessa hits you with a +0 rapier.
Duvessa hits you with a +0 rapier!!
* * * LOW HITPOINT WARNING * * *
Duvessa rages.
You block Duvessa's attack. You block Duvessa's attack.
You block Duvessa's attack. Duvessa hits you with a +0 rapier!
You die...

.. .... ...##......#.### ..
#..###..............# ..
...#..#.#..........## .#
....####...........# .## ###..##
##...#......#
..####.....#####.....>...#
...........#..###.......###
..#.............#e.#......###
##..............@...........#
..................##........##
..................##.........##
....).............##..........#
..##.#.....#..................###
.. #.####.##....##.....##........
.###...##.##....##.....###.......
.#.....##<......###.#............
...............####.#............


You could see Duvessa (berserk).

Vanquished Creatures
  2 ice beasts
  A centaur (D:4)
  Dowan (D:5)
  A jelly (D:4)
  A hound (D:4)
  5 orc priests
  Jessica (D:2)
  A centaur skeleton (D:4)
  A hound zombie (D:4)
  8 gnolls
  5 adders
  An adder skeleton (D:4)
  A worm (D:2)
  4 dart slugs
  14 orcs
  4 endoplasms
  2 giant cockroaches
  10 goblins
  6 hobgoblins
  7 kobolds
  3 quokkas
  5 ball pythons
  3 bats
  7 frilled lizards
  4 rats (D:1)
98 creatures vanquished.

Vanquished Creatures (others)
  A goblin (D:2)
  A rat (D:2)
2 creatures vanquished.

Grand Total: 100 creatures vanquished

Notes
Turn   | Place    | Note
-------+----------+-------------------------------------------
     0 | D:1      | issech the Troll Monk began the quest for the Orb.
     0 | D:1      | Reached XP level 1. HP: 22/22 MP: 0/0
   270 | D:1      | Reached XP level 2. HP: 29/29 MP: 1/1
  1072 | D:1      | Reached XP level 3. HP: 36/36 MP: 2/2
  1145 | D:2      | Identified the +11 trident of Regicide {holy, *Noise rN+
                  | Dex+3 Stlth+}
  1263 | D:2      | Reached XP level 4. HP: 22/45 MP: 3/3
  1480 | D:2      | Noticed Jessica
  1482 | D:2      | Killed Jessica
  1844 | D:3      | Reached XP level 5. HP: 18/53 MP: 4/4
  1871 | D:3      | Reached skill level 1 in Polearms
  2025 | D:3      | Identified the +2 pair of boots "Acowodghi" {Slay+2}
  2219 | D:3      | Reached XP level 6. HP: 61/61 MP: 5/5
  2997 | D:4      | Noticed an ice beast
  3007 | D:4      | Killed an ice beast
  3008 | D:4      | Reached skill level 1 in Shields
  3141 | D:4      | Found a staircase to the Ecumenical Temple.
  3174 | D:4      | Reached XP level 7. HP: 59/68 MP: 6/6
  3330 | Temple   | Entered the Ecumenical Temple
  3878 | D:5      | Entered Level 5 of the Dungeon
  4096 | D:5      | Noticed Duvessa
  4096 | D:5      | Noticed Dowan
  4102 | D:5      | Killed Dowan
  4111 | D:5      | HP: 1/68 [Duvessa (23)]
  4119 | D:5      | Slain by Duvessa

Illustrated notes

Levels and vault maps discovered:
D:1:      lemuel_arrival_rhombus, layout_loops_corners, serial_aquarium,
          aquarium_bridge_long_separate [aquarium_subvault_bridge,
          aquarium_subvault_bridge, aquarium_subvault_wall,
          aquarium_subvault_window, aquarium_subvault_wall,
          aquarium_subvault_bridge], aquarium_bridge_straight
          [aquarium_subvault_bridge, aquarium_subvault_wall,
          aquarium_subvault_bridge, aquarium_subvault_balcony],
          aquarium_window_2, aquarium_window_1, aquarium_window_1,
          aquarium_window_corner, aquarium_view_2e
D:2:      layout_rooms, uniq_jessica
D:3:      layout_loops_corners
D:4:      layout_basic, minmay_temple_entry_statues_pillars
D:5:      layout_cave_pools, chequers_big_river, uniq_duvessa
Temple:   dpeg_five_rooms_temple

Skill      XL: |  1  2  3  4  5  6  7 |
---------------+----------------------+-----
Maces & Flails | 3 |  3.9
Fighting       | 3 |  3.9
Dodging        | 3 |  3.5
Polearms       | 1 2 3 |  3.7
Shields        | 1 |  1.7
Stealth        | 2 |  2.1
Throwing       | |  0.1

Action                   |  1- 3 |  4- 6 |  7- 9 || total
-------------------------+-------+-------+-------++-------
Melee: Mace              |    73 |       |       ||    73
       Trident           |     6 |   124 |    29 ||   159
Throw: Large rock        |       |       |     3 ||     3
  Use: Scroll            |       |     1 |       ||     1
 Stab: Sleeping          |     2 |    10 |     1 ||    13
Armor: Robe              |    30 |    19 |     5 ||    54
Dodge: Dodged            |    45 |    29 |     9 ||    83
Block: Tower shield      |       |    67 |    22 ||    89

Table legend: (Time is in decaauts)
 A = Elapsed time spent in this place.
 B = Non-inter-level travel time spent in this place.
 C = Inter-level travel time spent in this place.
 D = Time resting spent in this place.
 E = Time spent auto-exploring this place.
 F = Levels seen in this place.
 G = Mean time per level.
                   A        B        C        D        E       F      G
               +--------+--------+--------+--------+--------+-----+--------+
         Total |   4220 |   4051 |    169 |     31 |   1885 |   6 |  703.3 |
       Dungeon |   3829 |   3746 |     83 |     31 |   1637 |   5 |  765.8 |
        Temple |    391 |    305 |     86 |      0 |    248 |   1 |  391.0 |
               +--------+--------+--------+--------+--------+-----+--------+

Top non-repeatable levels by time:
     D:3: 1145 daAuts
     D:1: 1104 daAuts
     D:2: 668 daAuts
     D:4: 656 daAuts
  Temple: 391 daAuts
     D:5: 254 daAuts
